 Dungeon Crawl Stone Soup version 0.30-a0-782-ge64f9170bb (webtiles) character file.

Game seed: 6298195160075787634

99 theswoord the Shooter (level 4, -2/25 HPs)
             Began as a Deep Elf Hunter on Mar 14, 2023.
             Killed by divine providence
             ... invoked by an orc priest
              (14 damage)
             ... on level 3 of the Dungeon.
             The game lasted 00:02:31 (1861 turns).

theswoord the Shooter (Deep Elf Hunter)             Turns: 1861, Time: 00:02:32

Health: -2/25      AC:  4    Str:  9 (10) XL:     4   Next: 45%
Magic:  6/6        EV: 12    Int: 12 (14) God:
Gold:   106        SH:  0    Dex: 16 (18) Spells: 3/3 levels left

rFire   . . .      SeeInvis .    a - +0 shortbow
rCold   . . .      Faith    .    (shield currently unavailable)
rNeg    . . .      Spirit   .    c - +0 leather armour
rPois   .          Reflect  .    (no helmet)
rElec   .          Harm     .    k - +0 cloak
rCorr   .          Rampage  .    (no gloves)
Will    .....                    (no boots)
Stlth   ++                       (no amulet)
HPRegen 0.24/turn                (no ring)
MPRegen 0.10/turn                (no ring)

@: no status effects
A: no striking features
a: no special abilities


You were on level 3 of the Dungeon.
You visited 1 branch of the dungeon, and saw 3 of its levels.

You collected 106 gold pieces.

Inventory:

Hand Weapons
 a - a +0 shortbow (weapon)
Armour
 c - a +0 leather armour (worn)
 k - a +0 cloak (worn)
Jewellery
 d - a ring of flight
Scrolls
 b - 2 scrolls of immolation
 f - a scroll of magic mapping {unknown}
 g - a scroll of torment
Potions
 e - 3 potions of attraction
 l - a potion of curing


   Skills:
 - Level 1.5 Fighting
 + Level 7.9 Ranged Weapons
 - Level 2.4 Dodging
 - Level 1.2 Stealth


You had 3 spell levels left.
You didn't know any spells.
Your spell library contained the following spells:

 Spells                   Type           Power      Damage    Failure   Level
 Apportation              Tloc           0%         N/A       43%         1
 Kiss of Death            Conj/Necr      0%         2d5       43%         1
 Necrotise                Necr           0%         1d4       43%         1
 Summon Small Mammal      Summ           0%         N/A       43%         1
 Lesser Beckoning         Tloc           0%         N/A       56%         2
 Confusing Touch          Hex            0%         N/A       80%         3
 Gell's Gravitas          Tloc           0%         N/A       80%         3
 Teleport Other           Tloc           0%         N/A       80%         3
 Dispel Undead            Necr           0%         3d6       99%         4


Dungeon Overview and Level Annotations

Branches:
Dungeon (3/15)

Altars:


Message History

You shoot an arrow. The arrow hits the ball python!
You kill the ball python!
You shoot an arrow. The arrow completely misses the quokka.
The arrow hits the orc!
You kill the orc!
The quokka barely misses you.
You shoot an arrow. The arrow hits the quokka.
The quokka twitches its whiskers.
The quokka bites you.
The quokka bites you but does no damage.
You shoot an arrow. The arrow closely misses the quokka.
The arrow hits the orc priest.
The quokka misses you.
You shoot an arrow. The arrow hits the quokka.
The quokka barely misses you. The quokka closely misses you.
The orc priest invokes the aid of Beogh against you.
Beogh smites you!
* * * LOW HITPOINT WARNING * * *
You shoot an arrow. The arrow barely misses the quokka.
The arrow hits the orc priest but does no damage.
The quokka bites you but does no damage.
You shoot an arrow.
The arrow hits the quokka but does no damage.
The quokka barely misses you.
It was a potion of degeneration.
There was something very wrong with that liquid.
You feel weakened.
You feel dopey.
You feel clumsy. The quokka barely misses you.
The orc priest invokes the aid of Beogh against you.
Beogh smites you!
* * * LOW HITPOINT WARNING * * *
The quokka bites you.
* * * LOW HITPOINT WARNING * * *
You feel better. The quokka barely misses you.
You shoot an arrow. The arrow barely misses the quokka.
The arrow closely misses the orc priest.
The quokka barely misses you.
The orc priest mumbles some strange prayers to Beogh against you.
Beogh smites you!
Ouch! That really hurt!
You die...

### ..
########.###
#.....o..$.
......)o.# #.#
#o#######
#or@....#######..
######.........(.
####.....#####
#............#
#.##.....###.#
#.###...## #.#
#.###...## #.#
#....###.###.#
#.#.## ##.##.#


You could see 2 orc priests and a quokka.

Vanquished Creatures
  4 adders (D:2)
  A worm (D:2)
  3 orcs (D:3)
  5 bats
  5 endoplasms
  A giant cockroach (D:2)
  7 goblins
  7 hobgoblins
  A jackal (D:2)
  6 kobolds
  A quokka (D:3)
  3 ball pythons
  10 rats
54 creatures vanquished.

Notes
Turn   | Place    | Note
-------+----------+-------------------------------------------
     0 | D:1      | theswoord the Deep Elf Hunter began the quest for the Orb.
     0 | D:1      | Reached XP level 1. HP: 12/12 MP: 3/3
   216 | D:1      | Reached XP level 2. HP: 16/16 MP: 4/4
   251 | D:1      | Reached skill level 6 in Ranged Weapons
   956 | D:2      | Reached XP level 3. HP: 20/20 MP: 5/5
   994 | D:2      | Reached skill level 7 in Ranged Weapons
  1178 | D:2      | Reached XP level 4. HP: 25/25 MP: 6/6
  1180 | D:2      | Found a faded altar of an unknown god.
  1861 | D:3      | Killed from afar by an orc priest

Skill      XL: |  1  2  3 |
---------------+----------+-----
Ranged Weapons | 6 7 |  7.9
Fighting       | |  1.5
Dodging        | |  2.4
Stealth        | |  1.2

Action                     |  1- 3 |  4- 6 || total
---------------------------+-------+-------++-------
   Fire: Shortbow          |    92 |    65 ||   157
    Use: Scroll            |       |     4 ||     4
         Potion            |       |     3 ||     3
 Armour: Leather armour    |     5 |     5 ||    10
  Dodge: Dodged            |    21 |    18 ||    39

Levels and vault maps discovered:
D:1:      dpeg_arrival_stone_temple_mockup, layout_loops_corners,
          minmay_misc_feat_columns
D:2:      layout_loops_ring, basic_ecumenical_altar, minmay_pentomino_r4
D:3:      layout_loops_ring, mainiacjoe_overflow_24_doors,
          kennysheep_generic_room_11, uniq_jessica
